 Dungeon Crawl Stone Soup version 0.17.2-1-ge4368a0 (webtiles) character file.

28 ololoev the Chopper (level 3, 25/29 HPs)
             Began as a Demonspawn Berserker on July 26, 2016.
             Was a Follower of Trog.
             Quit the game on level 2 of the Dungeon.
             The game lasted 00:00:59 (152 turns).

ololoev the Chopper (Demonspawn Berserker)           Turns: 152, Time: 00:00:59

Health: 25/29      AC:  3    Str: 18    XL:     3   Next: 0%
Magic:  3/3        EV: 12    Int:  8    God:    Trog [*.....]
Gold:   0          SH:  0    Dex: 12    Spells: 0 memorised, 2 levels left

rFire  . . .     SeeInvis .     a - +0 hand axe
rCold  . . .     Clarity  .     b - +0 animal skin
rNeg   . . .     SustAt   .     (no shield)
rPois  .         Gourm    .     d - +0 helmet
rElec  .         Spirit   .     (no cloak)
rCorr  .         Warding  .     (no gloves)
rMut   .         Stasis   .     (no boots)
MR     .....                    (no amulet)
Stlth  ++........               (no ring)
                                (no ring)

@: not resistant to hostile enchantments, unstealthy
A: nightstalker 1, spiny 1
a: Berserk, Burn Spellbooks, Renounce Religion


Innate Abilities, Weirdness & Mutations

You are slightly more attuned to the shadows.
You are partially covered in sharp spines.

Inventory:

Hand Weapons
 a - a +0 hand axe (weapon)
Armour
 b - a +0 animal skin (worn)
 d - a +0 helmet (worn)
Scrolls
 e - 2 scrolls of remove curse {unknown}
Potions
 f - a potion of beneficial mutation {unknown}
Comestibles
 c - a bread ration
 g - 2 fruits


   Skills:
 - Level 3.0 Fighting
 * Level 3.4 Axes
 + Level 2.2 Armour
 - Level 1.7 Dodging


You had 2 spell levels left.
You didn't know any spells.


You were on level 2 of the Dungeon.
You worshipped Trog.
Trog was aware of your devotion.
You were not hungry.

You visited 1 branch of the dungeon, and saw 3 of its levels.

#.##...#..#
#.....<...#
###..####..#
########.#........#
#...........####.(#
#.##..#.......#
#...#.......#....
##....#..###.#####
#.....g@.# #...
#.#...#)......##
#.#.#.#####.# .. .
..# .# ## ...#.# ..
#.# .## #.# #.#

Notes
Turn   | Place    | Note
--------------------------------------------------------------
     0 | D:1      | ololoev the Demonspawn Berserker began the quest for the Orb.
     0 | D:1      | Reached XP level 1. HP: 18/18 MP: 1/1
    62 | D:1      | Found a sparkling altar of Nemelex Xobeh.
   107 | D:2      | Gained mutation: You are partially covered in sharp spines. [demonic ancestry]
   107 | D:2      | Reached XP level 2. HP: 24/24 MP: 2/2
   151 | D:2      | Gained mutation: You are slightly more attuned to the shadows. [demonic ancestry]
   151 | D:2      | Reached XP level 3. HP: 25/29 MP: 3/3
   152 | D:2      | Quit the game

Dungeon Overview and Level Annotations

Branches:
Dungeon (3/15)

Altars:
Nemelex Xobeh


Message History

A rat comes into view.
A goblin comes into view.
The goblin shouts!
The rat bites you.
The goblin moves out of view.
An ooze comes into view.
The ooze quivers.
You hit the rat.
You kill the rat!
Trog accepts your kill.
The ooze moves out of view.
A goblin comes into view. It is wielding a vampiric dagger.
You feel less exhausted.
You see here a scroll labeled IFFIEPH FEB GAFE.
e - 2 scrolls labeled IFFIEPH FEB GAFE (gained 1)
You hit the goblin.
The goblin is moderately wounded.
You hit the ooze.
The ooze is lightly wounded.
You hit the goblin.
You kill the goblin!
Trog accepts your kill. The ooze is struck by your spines.
The ooze closely misses you.
A hobgoblin comes into view.
You hit the ooze.
The ooze is severely wounded.
The ooze hits you but does no damage.
Unknown command.
You hit the ooze.
You kill the ooze!
Trog accepts your kill.
Unknown command.
You barely miss the goblin. The goblin is struck by your spines.
You kill the goblin!
Trog accepts your kill.
You have reached level 3!
Your experience leads to an increase in your attributes!
Increase (S)trength, (I)ntelligence, or (D)exterity?
You feel stronger.
Your demonic ancestry asserts itself...
You slip into the darkness of the dungeon.
Are you sure you want to abandon this character and quit the game? (Confirm with "yes".)

You could see a hobgoblin.

Vanquished Creatures
  2 adders (D:2)
  An ooze (D:2)
  A bat (D:2)
  A giant cockroach (D:1)
  2 goblins (D:2)
  A hobgoblin (D:1)
  2 giant newts (D:1)
  A rat (D:2)
11 creatures vanquished.

Action                   || total
-------------------------++-------
Melee: Hand axe          ||    21
Invok: Berserk           ||     1

Vault maps used:
D:1:      sevenhm_arrival_forest_fort_small_3, nemelex_xobeh_ov_fountains_minmay
D:3:      lemuel_crystal_altar, gammafunk_temple_overflow_pools, minivault_23,
          uniq_terence
